 Dungeon Crawl Stone Soup version 0.26-a0-667-g92642533e4 (webtiles) character file.

Game seed: 3088983934677477271

146430 dickylongcocking the Blinker (level 16, -14/82 HPs)
             Began as a Spriggan Venom Mage on Oct 17, 2020.
             Was an Initiate of Gozag.
             Killed from afar by Nikola (30 damage)
             ... with a chain lightning
             ... on level 2 of the Spider Nest on Oct 18, 2020.
             The game lasted 01:08:05 (44046 turns).

dickylongcocking the Blinker (Spriggan Venom Mage) Turns: 44046, Time: 01:08:05

Health: -14/82     AC: 16    Str: 10    XL:     16   Next: 89%
Magic:  26/31      EV: 42    Int: 31    God:    Gozag
Gold:   8712       SH:  0    Dex: 21    Spells: 8/35 levels left

rFire    . . .     SeeInvis +   F - +9 quick blade
rCold    + + .     Faith    .   (shield restricted)
rNeg     . . .     Spirit   .   H - quicksilver dragon scales
rPois    +         Reflect  .   X - +2 hat {Int+3}
rElec    .         Harm     .   i - scarf {repulsion}
rCorr    .         Rampage  .   (gloves unavailable)
MR       +++..                  (boots unavailable)
Stlth    ++++......             z - amulet of Kockihel {Acrobat *Corrode rPois Slay+5}
HPRegen  0.23/turn              s - ring "Hacer" {rC++ Str+6 Stlth+}
MPRegen  0.22/turn              w - ring "Neen Casm" {Int+6 Dex+3 Slay+3 Stlth+}

@: acrobat, repel missiles, slow
A: very small, unfitting armour, thin metallic scales 1, see invisible, speed 3,
MP-powered wands
a: Potion Petition, Call Merchant, Bribe Branch, Renounce Religion


You were on level 2 of the Spider Nest.
You worshipped Gozag.
Gozag was greatly pleased with you.
You visited 5 branches of the dungeon, and saw 27 of its levels.
You also visited: Bailey, Gauntlet and Ice Cave.

You collected 11676 gold pieces.
You spent 906 gold pieces at shops.
You paid 2058 gold pieces to Gozag.

Inventory:

Hand Weapons
 d - a +0 short sword
 o - a +1 antimagic dagger
 F - a +9 quick blade (weapon)
Armour
 i - a scarf of repulsion (worn)
 p - a +2 hat of magic resistance
 H - quicksilver dragon scales (worn)
 U - a +2 robe of fire resistance
 X - a +2 hat of intelligence (worn)
Magical Staves
 f - an uncursed staff of death
 g - an uncursed staff of earth
Jewellery
 s - the ring "Hacer" (left hand) {rC++ Str+6 Stlth+}
   (You found it in a Gauntlet)

   [ring of strength]

   It affects your strength (+6).
   It greatly protects you from cold.
   It makes you more stealthy.
 u - an uncursed amulet of regeneration
 v - an uncursed ring of resist corrosion
 w - the ring "Neen Casm" (right hand) {Int+6 Dex+3 Slay+3 Stlth+}
   (You took it off a minotaur in a Gauntlet)

   [ring of intelligence]

   It affects your intelligence (+6).
   It affects your dexterity (+3).
   It affects your accuracy and damage with ranged weapons and melee attacks
   (+3).
   It makes you more stealthy.
 x - an uncursed ring of protection from magic
 y - an uncursed ring of ice
 z - the amulet of Kockihel (around neck) {Acrobat *Corrode rPois Slay+5}
   (You bought it in a shop on level 2 of the Orcish Mines)

   [amulet of the acrobat]

   It helps you evade while moving and waiting.
   It affects your accuracy and damage with ranged weapons and melee attacks
   (+5).
   It protects you from poison.
   It may corrode you when you take damage.
 B - a +6 ring of strength
 D - the ring "Vujic" {rN+ MR- Str+6 Dex+6}
   (You found it on level 1 of the Spider Nest)

   [ring of positive energy]

   It affects your strength (+6).
   It affects your dexterity (+6).
   It protects you from negative energy.
   It affects your resistance to hostile enchantments.
 E - a +6 ring of dexterity
 I - an uncursed ring of flight
 J - an uncursed ring of positive energy
 K - an uncursed amulet of reflection {unknown}
 M - a +6 ring of strength
 O - a cursed amulet of inaccuracy
 Q - a cursed amulet of inaccuracy
 T - an uncursed ring of magical power
Wands
 a - a wand of flame (11)
 b - a wand of digging (8)
 k - a wand of iceblast (7)
 R - a wand of paralysis (10)
Scrolls
 c - 4 scrolls of amnesia
 e - 9 scrolls of teleportation
 l - 15 scrolls of remove curse
 m - 4 scrolls of fear
 q - 7 scrolls of immolation
 A - 5 scrolls of fog
 N - 4 scrolls of blinking
Potions
 h - 3 potions of haste
 j - a potion of might
 n - 3 potions of stabbing
 r - 7 potions of curing
 t - a potion of cancellation
 C - 2 potions of brilliance
 G - 3 potions of mutation
 L - a potion of resistance
 P - a potion of ambrosia
 S - a potion of magic
 W - 3 potions of flight
 Y - a potion of heal wounds


   Skills:
 - Level 8.5 Fighting
 - Level 8.0 Short Blades
 - Level 8.0 Armour
 - Level 13.0 Dodging
 * Level 13.7 Stealth
 * Level 10.0 Spellcasting
 - Level 12.0 Hexes
 - Level 8.5 Summonings
 - Level 15.0 Translocations
 - Level 10.0 Transmutations
 - Level 4.0 Fire Magic
 - Level 3.0 Earth Magic
 - Level 10.0 Poison Magic
 - Level 5.0 Evocations


You had 8 spell levels left.
You knew the following spells:

 Your Spells              Type           Power        Failure   Level
a - Sting                 Tmut/Pois      ####         1%          1
b - Blink                 Tloc           N/A          1%          2
c - Petrify               Tmut/Erth      ######..     4%          4
d - Olgreb's Toxic Radia  Pois           ######..     1%          4
e - Yara's Violent Unrav  Hex/Tmut       ######....   2%          5
f - Summon Forest         Summ/Tloc      ######....   1%          5
i - Ignite Poison         Fire/Tmut/Pois ######..     1%          3
x - Mephitic Cloud        Conj/Pois/Air  #####...     5%          3

Your spell library contained the following spells:

 Spells                   Type           Power        Failure   Level
 Call Imp                 Summ           ######..     1%          2
 Poisonous Vapours        Pois/Air       #####.       1%          2
 Slow                     Hex            ######..     1%          2
 Confusing Touch          Hex            ######..     1%          3
 Dazzling Flash           Conj/Hex       ######       1%          3
 Gell's Gravitas          Tloc           #######...   1%          3
 Lesser Beckoning         Tloc           #######...   1%          3
 Teleport Other           Tloc           #######.     1%          3
 Passage of Golubria      Tloc           N/A          1%          4
 Iskenderun's Mystic Bla  Conj/Tloc      ######..     3%          4
 Summon Mana Viper        Hex/Summ       ######..     3%          5
 Fulminant Prism          Conj/Hex       ######....   6%          4
 Summon Demon             Summ           ######....   6%          5
 Freeze                   Ice            ###.         7%          1
 Magic Dart               Conj           ###.         7%          1
 Conjure Flame            Conj/Fire      ####....     10%         3
 Searing Ray              Conj           ###...       11%         2
 Metabolic Englaciation   Hex/Ice        ######....   17%         5
 Ozocubu's Armour         Ice            ###.....     22%         3
 Shadow Creatures         Summ           N/A          32%         6
 Animate Dead             Necr           ###.......   56%         4
 Bolt of Magma            Conj/Fire/Erth ####......   58%         5
 Borgnjor's Vile Clutch   Necr/Erth      ###.......   71%         5
 Summon Hydra             Summ           ######....   88%         7
 Iskenderun's Battlesphe  Conj           ###.....     89%         5
 Iron Shot                Conj/Erth      ###.......   99%         6
 Death Channel            Necr           ###.......   100%        6
 Freezing Cloud           Conj/Ice/Air   ###.......   100%        6
 Simulacrum               Ice/Necr       ###.......   100%        6
 Orb of Destruction       Conj           ###.......   100%        7
 Spellforged Servitor     Conj/Summ      #####.....   100%        7
 Chain Lightning          Conj/Air       ###.......   100%        8
 Lehudib's Crystal Spear  Conj/Erth      ###.......   100%        8
 Absolute Zero            Ice            ###.......   100%        9
 Fire Storm               Conj/Fire      ####......   100%        9


Dungeon Overview and Level Annotations

Branches:
Dungeon (15/15)            Temple (1/1) D:6            Lair (6/6) D:9
  Swamp (0/4) Lair:2       Spider (3/4) Lair:3        Slime (0/5) Lair:6
    Orc (2/2) D:11            Elf (0/3) Orc:2        Depths (0/5) D:15
 Bailey (visited)           IceCv (visited)         Gauntlet (visited)
 Vaults: D:13-14

Altars:
Ashenzari
Cheibriados
Dithmenos
Elyvilon
Fedhas
Gozag
Hepliaklqana
Kikubaaqudgha
Makhleb
Nemelex Xobeh
Okawaru
Qazlal
Ru
Sif Muna
Trog
Uskayaw
Vehumet
Wu Jian
Xom
Yredelemnul
Zin
The Shining One
Beogh
Jiyva

Shops:
D:7 *   D:11 *   Orc:2 **=([

Annotations:
Lair:3 1 runed translucent door
Spider:2 Nikola


Innate Abilities, Weirdness & Mutations

You are very small and have problems with some larger weapons.
You are too small for most types of armour.
You have supernaturally acute eyesight. (SInv)
You cover ground extremely quickly.
You are partially covered in thin metallic scales. (AC +2)
You expend magic power (3 MP) to strengthen your wands.


Message History

Gang up on whom?
Press: ? - help, Dir - move target cursor, f - Nikola
Aim: Nikola, wielding a +1 rapier of electrocution, wearing a +0 cloak and wearing a +0 pair of gloves Attack!
Nikola points at you and mumbles some strange words.
The bolt of lightning misses your dryad.
The bolt of lightning hits you!!!
Your dryad calls out to the forest.
Vines fly forth from the trees!
Nikola mumbles some strange words.
You hear a mighty clap of thunder!
The lightning arc hits your dryad!! The lightning arc hits you!!
* * * LOW HITPOINT WARNING * * *
The lightning arc hits your dryad!!
Your dryad dies!
Your dryad's corpse disappears in a puff of smoke!
The forest abruptly stops moving.
The vine falls limply to the ground.
The lightning arc hits you!!
You die...
Your body crumbles into a pile of gold.

##≈#≈≈≈.###♣.$...≈≈≈$≈.
≈≈≈≈≈#≈.# #.......$....
#≈≈# #≈≈#
#...$..♣$..@... <# #≈.#
#.#............ ≈≈.#
####.$....$.$.. ≈≈≈≈#
♣.$......(... ≈≈≈.#
♣.(.♣.#......
#..$§...♣....
♣##@$..$.♣....
♣≈≈≈≈..♣#.... #
♣..^♣≈≈≈≈♣..♣#^....
..###♣≈≈≈≈...♣....#
♣♣≈$≈..♣#ss...
###♣..##.....
##...^..... #.♣..#.....
##....#..#..


You could see Nikola.

Vanquished Creatures
  Jorgrun (D:12)
  Louise (D:14)
  An orc warlord (Orc:2)
  2 ghost moths
  A reaper (IceCv)
  A stone giant (Orc:2)
  2 entropy weavers
  5 dire elephants (Lair:6)
  A minotaur (Gauntlet)
  The ghost of Iruom the Tainter, a journeyman FoVM of Kikubaaqudgha (Orc:1)
  An ettin (D:15)
  Fannar (Lair:1)
  A catoblepas (D:15)
  6 hydras
  A hell beast (Gauntlet)
  An anaconda (Lair:6)
  2 boulder beetles
  3 centaur warriors
  An ogre mage (D:15)
  2 death knights
  A hell hog (Gauntlet)
  6 death yaks (Lair:6)
  13 two-headed ogres
  2 tengu warriors (D:14)
  Urug (Orc:2)
  6 orc high priests
  3 unseen horrors
  A harpy (shapeshifter) (D:15)
  7 wolf spiders
  4 orc sorcerers
  4 cyclopes
  5 orb spiders
  2 manticores
  2 ugly things
  13 orc knights
  The ghost of robertstho the Covered, a novice DDFi of Makhleb (D:6)
  26 elephants
  3 centaur zombies
  8 black mambas
  2 ice statues (IceCv)
  2 torpor snails
  4 cane toads
  Maggie (Lair:1)
  5 centaur skeletons
  An efreet (D:11)
  A redback zombie (D:14)
  10 ice devils (IceCv)
  4 kobold demonologists
  4 rime drakes
  6 yaktaurs (D:15)
  10 komodo dragons
  6 demonic crawlers
  2 tengu conjurers (D:15)
  7 trolls
  14 jumping spiders
  A polar bear (Lair:3)
  A polar bear (shapeshifter) (D:15)
  The ghost of Frask the Slasher, an amateur DsMo (D:4)
  4 hornets
  A harpy skeleton (D:15)
  10 slime creatures
  5 dream sheep (Lair:5)
  A centaur simulacrum (D:15)
  31 blink frogs
  A meliai zombie (D:15)
  3 wraiths
  51 redbacks
  24 tarantellas
  7 wyverns
  36 yaks
  7 basilisks
  2 fire bats (Gauntlet)
  Menkaure (D:4)
  Edmund (D:5)
  14 wargs
  3 acid dragons
  14 water moccasins
  4 hell hounds (Gauntlet)
  41 orc warriors
  2 ice beasts (D:5)
  An eye of draining (D:11)
  5 black bears
  8 sky beasts
  A necrophage (D:11)
  16 ogres
  5 phantoms
  The ghost of CakeLizard the Twirler, an amateur DsGl of Ru (D:3)
  10 wolves
  6 centaurs
  4 big kobolds
  21 bullfrogs
  A gnoll sergeant (D:7)
  A wyvern skeleton (D:11)
  5 scorpions
  11 wights
  8 killer bees
  5 electric eels
  A howler monkey (D:4)
  A bullfrog zombie (D:12)
  5 quasits
  3 bullfrog skeletons
  16 jellies
  31 orc priests
  A gnoll shaman (D:4)
  5 hounds
  26 orc wizards
  Jessica (D:3)
  4 iguanas
  Terence (D:2)
  6 worker ants
  2 ogre zombies (D:9)
  2 hound skeletons
  3 hound zombies
  A worker ant zombie (D:10)
  33 gnolls
  3 howler monkey zombies
  12 adders
  An orc zombie (D:9)
  3 shadow imps
  6 white imps
  9 ufetubi
  2 oozes
  An adder skeleton (D:5)
  An adder zombie (D:7)
  6 worms
  A dart slug (D:1)
  5 leopard geckos
  89 orcs
  5 giant cockroaches
  5 goblins
  14 hobgoblins
  12 jackals
  6 quokkas
  A ball python (D:1)
  6 bats
  4 frilled lizards
  A jackal skeleton (D:8)
  29 kobolds
  A quokka skeleton (D:5)
  4 rats
  2 butterflies (Lair:1)
968 creatures vanquished.

Vanquished Creatures (collateral kills)
  2 skeletal warriors (D:15)
  2 orb spiders
  2 wolf spiders
  A jumping spider (Spider:3)
  4 tarantellas
  2 redbacks
  A centaur skeleton (D:4)
  An adder (D:4)
  A white imp (D:6)
  An orc (D:4)
  A giant cockroach (D:6)
18 creatures vanquished.

Vanquished Creatures (others)
  A centaur skeleton (D:11)
  A human (D:13)
  4 white imps (IceCv)
  3 ufetubi (IceCv)
  An orc (Orc:2)
  20 fungi
  32 plants
  A snaplasher vine (D:15)
63 creatures vanquished.

Grand Total: 1049 creatures vanquished

Notes
Turn   | Place    | Note
-------+----------+-------------------------------------------
     0 | D:1      | dickylongcocking the Spriggan Venom Mage began the quest
                  | for the Orb.
     0 | D:1      | Reached XP level 1. HP: 9/9 MP: 5/5
   250 | D:1      | Reached XP level 2. HP: 7/13 MP: 1/6
  1000 | D:2      | Noticed Terence
  1157 | D:2      | Reached XP level 3. HP: 10/16 MP: 5/8
  1271 | D:2      | Learned a level 3 spell: Ignite Poison
  1579 | D:2      | Killed Terence
  1579 | D:2      | Reached skill level 5 in Transmutations
  1648 | D:2      | Reached XP level 4. HP: 21/21 MP: 6/9
  1977 | D:2      | Learned a level 2 spell: Blink
  2135 | D:3      | Reached XP level 5. HP: 22/24 MP: 1/10
  2262 | D:3      | Noticed Jessica
  2623 | D:3      | Found a runed translucent gate.
  2640 | D:3      | Found a runed translucent gate.
  2640 | D:3      | Noticed CakeLizard's ghost (amateur DsGl)
  2641 | D:3      | Found a runed translucent gate.
  2689 | D:3      | Killed Jessica
  3287 | D:4      | Found a transporter.
  3290 | D:4      | Noticed Frask's ghost (amateur DsMo)
  3332 | D:4      | Reached XP level 6. HP: 16/28 MP: 2/13
  3549 | D:4      | Found a transporter.
  3700 | D:4      | Noticed Menkaure
  3710 | D:4      | Killed Menkaure
  3710 | D:4      | Reached skill level 5 in Spellcasting
  3756 | D:4      | Reached XP level 7. HP: 32/32 MP: 10/15
  3844 | D:4      | Reached skill level 1 in Evocations
  3978 | D:4      | Learned a level 3 spell: Mephitic Cloud
  4591 | D:4      | Reached XP level 8. HP: 36/36 MP: 13/18
  4786 | D:4      | Learned a level 4 spell: Olgreb's Toxic Radiance
  4859 | D:5      | Entered Level 5 of the Dungeon
  5129 | D:5      | Noticed Edmund
  5141 | D:5      | Killed Edmund
  5608 | D:5      | Reached skill level 5 in Poison Magic
  5702 | D:6      | Found a staircase to the Ecumenical Temple.
  5710 | Temple   | Entered the Ecumenical Temple
  5878 | Temple   | Became a worshipper of Gozag Ym Sagoz the Greedy
  5923 | D:6      | Reached skill level 10 in Transmutations
  5983 | D:6      | Reached skill level 5 in Evocations
  6473 | D:6      | Found a runed translucent gate.
  6473 | D:6      | Found a runed translucent gate.
  6475 | D:6      | Reached XP level 9. HP: 39/39 MP: 21/21
  6529 | D:6      | Found a runed translucent gate.
  6532 | D:6      | Found an opulent altar of Gozag.
  6534 | D:6      | Noticed robertstho's ghost (novice DDFi)
  7006 | D:6      | Learned a level 4 spell: Petrify
  7012 | D:6      | Learned a level 5 spell: Yara's Violent Unravelling
  7029 | D:6      | Reached skill level 1 in Hexes
  7041 | D:6      | Killed robertstho's ghost
  7482 | D:7      | Found a shimmering blue altar of Sif Muna.
  7650 | D:7      | Found Veruidd's Assorted Antiques.
  7650 | D:7      | You fall into a shaft and drop 1 floor!
  7848 | D:7      | Bought a glowing quick blade for 468 gold pieces
  7865 | D:7      | Reached skill level 5 in Hexes
  8153 | D:7      | Found a sacrificial altar of Ru.
  9193 | D:8      | Reached skill level 1 in Earth Magic
  9939 | D:9      | Found a flagged portal.
  9942 | D:9      | Reached XP level 10. HP: 44/44 MP: 14/22
  9951 | Bailey   | Entered a bailey
 11309 | D:9      | Found a staircase to the Lair.
 11610 | D:9      | Identified a scroll of acquirement
 11711 | D:9      | Found a transporter.
 11712 | D:9      | Acquired 1218 gold pieces
 11981 | D:9      | Found a transporter.
 12346 | D:10     | Entered Level 10 of the Dungeon
 12663 | D:10     | Found a viscous altar of Jiyva.
 13090 | D:10     | Noticed a two-headed ogre
 13100 | D:10     | Killed a two-headed ogre
 13100 | D:10     | Reached skill level 10 in Poison Magic
 14053 | D:9      | Reached skill level 10 in Hexes
 14795 | D:10     | Reached XP level 11. HP: 47/47 MP: 15/23
 15087 | D:11     | Noticed a two-headed ogre
 15093 | D:11     | Killed a two-headed ogre
 15093 | D:11     | Reached skill level 1 in Fighting
 15209 | D:11     | Noticed a green ugly thing
 15501 | D:11     | Found Ydghaere's Assorted Antiques.
 15666 | D:11     | Found a frozen archway.
 15674 | IceCv    | Entered an ice cave
 16572 | IceCv    | Noticed a reaper
 16579 | IceCv    | Killed a reaper
 16579 | IceCv    | Reached skill level 5 in Dodging
 17302 | D:11     | Reached skill level 5 in Fighting
 17459 | D:11     | Reached XP level 12. HP: 60/60 MP: 14/24
 17814 | D:11     | Found a staircase to the Orcish Mines.
 18009 | D:11     | Reached skill level 1 in Short Blades
 18417 | D:11     | Noticed an eight-headed hydra
 18455 | D:11     | Killed an eight-headed hydra
 18662 | D:11     | Identified the Disquisition on Freezing Toxins
 18724 | D:11     | Noticed a two-headed ogre
 18732 | D:11     | Killed a two-headed ogre
 18926 | D:11     | Bought a scroll of blinking for 195 gold pieces
 18926 | D:11     | Bought a scroll of teleportation for 78 gold pieces
 19334 | Orc:1    | Entered Level 1 of the Orcish Mines
 19337 | Orc:1    | Reached skill level 1 in Armour
 19759 | Orc:1    | Reached skill level 10 in Dodging
 19908 | Orc:1    | Noticed a two-headed ogre
 19916 | Orc:1    | Killed a two-headed ogre
 19995 | Orc:1    | Noticed Iruom's ghost (journeyman FoVM)
 19995 | Orc:1    | Noticed a two-headed ogre
 19995 | Orc:1    | Noticed a two-headed ogre
 19996 | Orc:1    | Identified the cursed +1 dire flail "Maka" {spect, Dex+3}
 19996 | Orc:1    | Noticed a two-headed ogre
 19999 | Orc:1    | Noticed a two-headed ogre
 20013 | Orc:1    | Found a transporter.
 20027 | Orc:1    | Noticed an orc high priest
 20030 | Orc:1    | Killed an orc high priest
 20334 | Orc:1    | Found a transporter.
 20729 | Orc:1    | Killed a two-headed ogre
 20729 | Orc:1    | Reached skill level 1 in Fire Magic
 20729 | Orc:1    | Killed a two-headed ogre
 20729 | Orc:1    | Reached skill level 5 in Short Blades
 20733 | Orc:1    | Killed a two-headed ogre
 20984 | Orc:1    | Killed a two-headed ogre
 20998 | Orc:1    | Killed Iruom's ghost
 21134 | Orc:2    | Entered Level 2 of the Orcish Mines
 21273 | Orc:2    | Reached XP level 13. HP: 54/67 MP: 13/25
 21965 | Orc:2    | Noticed an orc warlord
 22120 | Orc:2    | Killed an orc warlord
 22726 | Orc:2    | Found Suin's General Store.
 22842 | Orc:2    | Found a roughly hewn altar of Beogh.
 22844 | Orc:2    | Noticed Urug
 22985 | Orc:2    | Killed Urug
 23178 | Orc:2    | Noticed a stone giant
 23340 | Orc:2    | Gained mutation: You expend magic power (3 MP) to
                  | strengthen your wands. [potion of mutation]
 23340 | Orc:2    | Gained mutation: You are partially covered in thin metallic
                  | scales. (AC +2) [potion of mutation]
 23499 | Orc:2    | Killed a stone giant
 24151 | Orc:2    | Found a staircase to the Elven Halls.
 25095 | Orc:2    | Found Zeeffar's Jewellery Emporium.
 25098 | Orc:2    | Found Fauwesu's Weapon Shoppe.
 25099 | Orc:2    | Found Laeplih's Assorted Antiques.
 25100 | Orc:2    | Found Viged's Armour Emporium.
 25103 | Orc:2    | Bought a twitching copper amulet for 165 gold pieces
 25113 | Orc:2    | Identified the amulet of Kockihel {Acrobat *Corrode rPois
                  | Slay+5} (You bought it in a shop on level 2 of the Orcish
                  | Mines)
 25280 | Lair:1   | Entered Level 1 of the Lair of Beasts
 25299 | Lair:1   | Noticed Maggie
 25307 | Lair:1   | Killed Maggie
 25500 | D:9      | Learned a level 5 spell: Summon Forest
 25595 | Lair:1   | Reached skill level 5 in Armour
 25609 | Lair:1   | Reached skill level 1 in Translocations
 25817 | Lair:1   | Reached XP level 14. HP: 74/74 MP: 11/26
 26033 | Lair:1   | Reached skill level 2 in Translocations
 26033 | Lair:1   | Reached skill level 1 in Summonings
 26487 | Lair:1   | Noticed Fannar
 26498 | Lair:1   | Killed Fannar
 26734 | Lair:1   | Reached skill level 3 in Translocations
 27159 | Lair:2   | Reached skill level 4 in Translocations
 27561 | Lair:2   | Reached skill level 5 in Translocations
 27931 | Lair:2   | Found a staircase to the Swamp.
 27977 | Lair:2   | Reached skill level 6 in Translocations
 28435 | Lair:3   | Found a hole to the Spider Nest.
 28891 | Lair:3   | Reached skill level 7 in Translocations
 29274 | Lair:3   | Found a runed translucent door.
 29980 | Lair:4   | Reached skill level 8 in Translocations
 30031 | Lair:4   | Reached skill level 5 in Summonings
 30258 | Lair:4   | Reached skill level 9 in Translocations
 31923 | Lair:5   | Reached skill level 10 in Translocations
 32442 | Lair:6   | Entered Level 6 of the Lair of Beasts
 32493 | Lair:6   | Found a staircase to the Slime Pits.
 32942 | Lair:6   | Reached XP level 15. HP: 71/78 MP: 13/27
 33294 | Lair:6   | Reached skill level 5 in Stealth
 33469 | Lair:6   | Reached skill level 11 in Translocations
 34753 | Lair:6   | Identified Mamugeir's Handbook of Sinister Hexes
 35703 | D:3      | Killed CakeLizard's ghost
 35862 | D:4      | Killed Frask's ghost
 36373 | D:12     | Noticed Jorgrun
 36390 | D:12     | Killed Jorgrun
 36390 | D:12     | Reached skill level 12 in Translocations
 37017 | D:12     | Found a blossoming altar of Fedhas.
 38448 | D:14     | Noticed Louise
 38459 | D:14     | Killed Louise
 39349 | D:15     | Entered Level 15 of the Dungeon
 39390 | D:15     | Found a gate leading to a gauntlet.
 39395 | Gauntlet | Entered a Gauntlet
 39395 | Gauntlet | Found a transporter.
 39395 | Gauntlet | Found a transporter.
 39395 | Gauntlet | Found a transporter.
 39395 | Gauntlet | Found a transporter.
 39399 | Gauntlet | Found a transporter.
 39415 | Gauntlet | Found a transporter.
 39442 | Gauntlet | Found a transporter.
 39443 | Gauntlet | Found a transporter.
 39501 | Gauntlet | Found a transporter.
 39517 | Gauntlet | Found a transporter.
 39526 | Gauntlet | Found a transporter.
 39536 | Gauntlet | Found a transporter.
 39792 | Gauntlet | Got a glittering wooden ring
 39793 | Gauntlet | Identified the ring "Hacer" {rC++ Str+6 Stlth+} (You found
                  | it in a Gauntlet)
 40004 | Gauntlet | Identified the +1 war axe of Niaskuce {venom, Int+2}
 40004 | Gauntlet | Identified the +3 plate armour of Immorality {rC+}
 40004 | Gauntlet | Identified the ring "Neen Casm" {Int+6 Dex+3 Slay+3 Stlth+}
 40011 | Gauntlet | Reached skill level 10 in Stealth
 40243 | D:15     | Reached XP level 16. HP: 82/82 MP: 28/28
 40279 | D:15     | Reached skill level 13 in Translocations
 40487 | D:15     | Found a staircase to the Depths.
 42200 | Spider:1 | Entered Level 1 of the Spider Nest
 42204 | Spider:1 | Acquired 914 gold pieces
 42371 | Spider:1 | Reached skill level 14 in Translocations
 42680 | Spider:1 | Got a twitching lead ring
 42687 | Spider:1 | Identified the ring "Vujic" {rN+ MR- Str+6 Dex+6} (You
                  | found it on level 1 of the Spider Nest)
 43732 | Spider:2 | You fall into a shaft and drop 1 floor!
 43741 | Spider:3 | Reached skill level 15 in Translocations
 43846 | Spider:2 | Reached skill level 10 in Spellcasting
 44043 | Spider:2 | Noticed Nikola
 44046 | Spider:2 | Killed from afar by Nikola

Illustrated notes

Levels and vault maps discovered:
D:1:      scummos_arrival_checkerplants, layout_basic
D:2:      layout_rooms, uniq_terence
D:3:      layout_loops_ring, gammafunk_ghost_split, uniq_jessica
D:4:      layout_basic, gammafunk_ghost_stat_death, minmay_joined_circles,
          uniq_menkaure
D:5:      minmay_evil_eye, layout_rooms, uniq_edmund
D:6:      layout_rooms, minmay_temple_entry_purple_smoke, ebering_ghost_gozag
D:7:      layout_basic, kennysheep_little_box, serial_shops,
          nicolae_shop_competitors_out_of_business, led_sif_book
D:8:      layout_layer_cave
D:9:      gammafunk_cloud_chamber, layout_irregular_city,
          erik_lair_orcish_takeover, enter_bailey_8, blue_anna_alchemist
          [blue_anna_fruit_fields, blue_anna_fruit_fields]
D:10:     layout_roguey, jiyva_altar_1
D:11:     hangedman_cross_veins, layout_stronghold, portal_ice_cave_rime,
          serial_shops, shop
D:12:     layout_gridville, fedhas_altar_decomposition, uniq_jorgrun
D:13:     layout_basic, ximxim_vaults_locker_room, basic_altar
D:14:     layout_basic, uniq_louise
D:15:     hangedman_depths_entry_civil_slaughter, layout_irregular_city,
          grunt_decor_one_mirror, gauntlet_entry_generic, corexii_hall_statues_i
Temple:   kilobyte_greek_temple
Lair:1:   layout_gridlike, lemuel_fruit_fields, lemuel_fruit_tree, uniq_maggie,
          uniq_fannar
Lair:2:   layout_regular_city, swamp_mist, grunt_megastairs_2
Lair:3:   layout_roguey, nicolae_spider_entry_orb_guardian,
          chequers_serial_rivers_small_a, pf_torpor_hydra
Lair:4:   layout_hall_layers, eino_small_chamber_without_monster, st_stairs_12,
          chequers_serial_rivers_small_a, chequers_serial_rivers_large_b,
          serial_bayou_ford_a, minivault_24
Lair:5:   layout_cave_pods, infiniplex_staircase_pool_2
Lair:6:   due_jungle_book, layout_misc_corridors,
          minmay_slime_entry_jelly_boxes, serial_bayou_lagoon_b,
          serial_bayou_shore_b
Spider:1: layout_spider_delve, drop_trap
Spider:2: layout_spider_delve, nicolae_spider_cling_ruins, uniq_nikola,
          uniq_arachne
Spider:3: layout_spider_delve
Orc:1:    layout_caves, gammafunk_ghost_smash
Orc:2:    st_orc_pillars, layout_caves, serial_shops, shop, basic_altar,
          mines5_lemuel, uniq_urug

Skill      XL: |  1  2  3  4  5  6  7  8  9 10 11 12 13 14 15 16 |
---------------+-------------------------------------------------+-----
Transmutations | 3 4 5 6 7 8 9 10 | 10.0
Spellcasting   | 3 4 5 6 7 10 | 10.0
Evocations     | 3 5 |  5.0
Poison Magic   | 4 6 8 10 | 10.0
Hexes          | 6 10 12 | 12.0
Earth Magic    | 1 3 |  3.0
Fighting       | 5 7 8 |  8.5
Dodging        | 8 11 13 | 13.0
Short Blades   | 5 7 8 |  8.0
Armour         | 3 5 7 8 |  8.0
Fire Magic     | 2 4 |  4.0
Translocations | 1 10 12 15 | 15.0
Summonings     | 6 7 8 |  8.5
Stealth        | 4 10 13 | 13.7

Action                   |  1- 3 |  4- 6 |  7- 9 | 10-12 | 13-15 | 16-18 || total
-------------------------+-------+-------+-------+-------+-------+-------++-------
Melee: Short sword       |    10 |    19 |    50 |       |       |       ||    79
       Quick blade       |       |       |    14 |   218 |   684 |   262 ||  1178
 Cast: Sting             |    42 |    68 |    80 |    56 |    46 |       ||   292
       Ignite Poison     |     1 |     7 |    57 |   140 |   209 |    33 ||   447
       Mephitic Cloud    |       |       |    10 |    35 |    14 |     1 ||    60
       Olgreb's Toxic Ra |       |       |    38 |   114 |   222 |    38 ||   412
       Petrify           |       |       |       |    25 |    19 |     9 ||    53
       Blink             |       |       |       |     6 |     2 |       ||     8
       Yara's Violent Un |       |       |       |     2 |     4 |       ||     6
       Summon Forest     |       |       |       |       |       |     7 ||     7
Invok: Potion Petition   |       |       |       |     4 |       |       ||     4
Evoke: Wand              |       |     5 |    32 |    31 |    11 |     2 ||    81
  Use: Potion            |       |     4 |     2 |    14 |     2 |     1 ||    23
       Scroll            |       |       |    18 |    16 |    17 |     2 ||    53
 Stab: Sleeping          |     5 |     4 |     2 |     2 |     8 |    11 ||    32
       Petrified         |       |       |       |    59 |     5 |     1 ||    65
       Petrifying        |       |       |       |     7 |     3 |     1 ||    11
       Confused          |       |       |       |       |     4 |       ||     4
       Distracted        |       |       |       |       |     6 |     7 ||    13
       Paralysed         |       |       |       |       |       |     1 ||     1
Armor: Robe              |     3 |     8 |     7 |    18 |       |       ||    36
       Skin              |       |     2 |       |     1 |       |       ||     3
       Troll leather arm |       |       |       |    10 |       |       ||    10
       Quicksilver drago |       |       |       |     7 |   107 |    21 ||   135
Dodge: Dodged            |    22 |    39 |   120 |   267 |   602 |   202 ||  1252
       Repelled          |       |       |       |     6 |     4 |       ||    10

Table legend: (Time is in decaauts)
 A = Elapsed time spent in this place.
 B = Non-inter-level travel time spent in this place.
 C = Inter-level travel time spent in this place.
 D = Time resting spent in this place.
 E = Time spent auto-exploring this place.
 F = Levels seen in this place.
 G = Mean time per level.
                   A        B        C        D        E       F      G
               +--------+--------+--------+--------+--------+-----+--------+
         Total |  35764 |  34626 |   1138 |  10342 |  18337 |  30 | 1192.1 |
       Dungeon |  18192 |  17395 |    797 |   4470 |   9811 |  15 | 1212.8 |
        Temple |    351 |    329 |     22 |    200 |    116 |   1 |  351.0 |
          Lair |   8054 |   7793 |    261 |   1236 |   5516 |   6 | 1342.3 |
   Spider Nest |   1380 |   1374 |      6 |    253 |    866 |   3 |  460.0 |
  Orcish Mines |   5026 |   4976 |     50 |   2710 |   1386 |   2 | 2513.0 |
        Bailey |    680 |    680 |      0 |    248 |    309 |   1 |  680.0 |
      Ice Cave |   1401 |   1401 |      0 |    788 |    225 |   1 | 1401.0 |
      Gauntlet |    677 |    677 |      0 |    434 |    105 |   1 |  677.0 |
               +--------+--------+--------+--------+--------+-----+--------+

Top non-repeatable levels by time:
   Orc:1: 3281 daAuts
    D:11: 2313 daAuts
  Lair:6: 2211 daAuts
     D:9: 1873 daAuts
   Orc:2: 1745 daAuts
    D:10: 1679 daAuts
     D:8: 1502 daAuts
  Lair:1: 1437 daAuts
    D:15: 1428 daAuts
   IceCv: 1401 daAuts
  Lair:3: 1343 daAuts
     D:4: 1313 daAuts
  Lair:5: 1200 daAuts
     D:1: 1089 daAuts
     D:3: 1074 daAuts
